 Dungeon Crawl Stone Soup version 0.28.0-53-g5a82cb258f (webtiles) character file.

Game seed: 2167267237683675709

170 LynnLen the Sneak (level 5, -4/35 HPs)
             Began as a Vampire Enchanter on Aug 1, 2022.
             Slain by a phantom (7 damage)
             ... on level 3 of the Dungeon.
             The game lasted 00:10:26 (2303 turns).

LynnLen the Sneak (Vampire Enchanter)               Turns: 2303, Time: 00:10:26

Health: -4/35      AC:  3    Str:  7    XL:     5   Next: 26%
Magic:  2/8        EV: 13    Int: 18    God:
Gold:   94         SH:  0    Dex: 16    Spells: 2/8 levels left

rFire   . . .      SeeInvis +   c - +2 short sword (drain)
rCold   . . .      Faith    .   (no shield)
rNeg    . . .      Spirit   .   i - +0 leather armour
rPois   .          Reflect  .   (no helmet)
rElec   .          Harm     .   (no cloak)
rCorr   .          Rampage  .   (no gloves)
Will    .....                   (no boots)
Stlth   +++.......              (no amulet)
HPRegen 0.31/turn               (no ring)
MPRegen 0.11/turn               (no ring)

@: healing quickly
A: alive, fangs 3, see invisible, vampiric 2
a: Exsanguinate


You were on level 3 of the Dungeon.
You visited 1 branch of the dungeon, and saw 3 of its levels.

You collected 94 gold pieces.

Inventory:

Hand Weapons
 a - a +1 dagger
 c - a +2 short sword of draining (weapon)
 g - a +0 hunting sling
Missiles
 e - 32 stones (quivered)
Armour
 b - a +0 robe
 i - a +0 leather armour (worn)
Scrolls
 h - a scroll of fog {unknown}
Potions
 d - a potion of haste
 f - 2 potions of curing {unknown}
 k - a potion of lignification


   Skills:
 * Level 3.5 Short Blades
 * Level 4.2 Dodging
 + Level 5.8 Stealth
 - Level 2.0 Spellcasting
 - Level 4.4 Hexes


You had 2 spell levels left.
You knew the following spells:

 Your Spells              Type           Power      Damage    Failure   Level
a - Confusing Touch       Hex            17%        N/A       14%         3
b - Tukima's Dance        Hex            17%        N/A       14%         3

Your spell library contained the following spells:

 Spells                   Type           Power      Damage    Failure   Level
 Ensorcelled Hibernation  Hex/Ice        18%        N/A       17%         2
 Animate Skeleton         Necr           2%         N/A       26%         1
 Apportation              Tloc           2%         N/A       26%         1
 Freeze                   Ice            4%         1d3       26%         1
 Summon Small Mammal      Summ           4%         N/A       26%         1
 Sublimation of Blood     Necr           1%         N/A       38%         2
 Wereblood                Tmut           1%         N/A       38%         2
 Dazzling Flash           Conj/Hex       18%        N/A       32%         3
 Frozen Ramparts          Ice            2%         1d2       63%         3
 Hailstorm                Conj/Ice       1%         3d3       95%         4
 Summon Hydra             Summ           0%         N/A       100%        7


Dungeon Overview and Level Annotations

Branches:
Dungeon (3/15)

Altars:
Gozag
Xom


Innate Abilities, Weirdness & Mutations

Your natural rate of healing is accelerated.
You have razor-sharp teeth.
You have supernaturally acute eyesight. (SInv)
You are afflicted with vampirism and can become a bat while bloodless.


Message History

The orc priest miscasts a cantrip.
You hit the orc priest but do no damage.
Your hands stop glowing.
The orc priest hits you with a +0 dagger.
You hit the orc priest. You drain the orc priest.
The orc priest is lightly wounded.
The orc priest closely misses you.
You hit the orc priest but do no damage.
You bite the orc priest.
The orc priest is moderately wounded.
The orc priest hits you with a +0 dagger.
You hit the orc priest.
The orc priest is moderately wounded.
The orc priest looks encouraged for a moment.
You hit the orc priest. You drain the orc priest.
The orc priest is severely wounded.
Casting: Confusing Touch (quite dangerous; 14% risk of failure)
Confirm with . or Enter, or press ? or * to list all spells.
The spell is quite dangerous to miscast (14% risk of failure)!
Continue anyway?
Your hands begin to glow red.
You hit the phantom but do no damage. The phantom hits you!
The phantom blinks!
You blink.
You hit the phantom but do no damage. The phantom barely misses you.
You hit the phantom but do no damage.
The orc priest calls down the wrath of Beogh upon you.
Pain shoots through your body! The phantom barely misses you.
You closely miss the phantom. You closely miss the phantom.
The phantom hits you.
* * * LOW HITPOINT WARNING * * *
The phantom blinks!
You blink.
The orc priest closely misses you.
You hit the orc priest but do no damage.
Your bite misses the orc priest.
The orc priest is severely wounded.
The phantom hits you!
* * * LOW HITPOINT WARNING * * *
The phantom blinks!
You blink.
You hit the phantom but do no damage.
The phantom appears confused.
Your bite misses the phantom. The phantom hits you!
You die...

#........#########o##..#
#...#.# #.###.....w..
#####.#.# #.# .......#
#<..#.#.# ######.#
#..♣♣..# #.#...#.#
#..).).# ..♣ . #...###.#
#.###### #..♣ .# ##.##
#.# #o# #..♣ . #.# #.#
#W# #..♣ #.# #.#######@#
#..♣ #.####)........#
##..♣♣♣♣♣
.##.......########
#........ ....^.###.#
#........ .####.# #.#
#########.###....
#####.###.##
#..............##
...†...#...##
#.############.##
#####.......#####.# #.##
#......÷......# #.##


You could see a phantom (confused) and an orc priest (drained).

Vanquished Creatures
  2 orc priests (D:3)
  Terence (D:2)
  An adder (D:2)
  A worm (D:2)
  A dart slug (D:2)
  9 orcs (D:3)
  2 ball pythons (D:2)
  5 endoplasms
  3 giant cockroaches (D:1)
  3 goblins
  4 hobgoblins
  6 jackals (D:1)
  7 kobolds
  A quokka (D:1)
  7 bats
  4 frilled lizards
  4 rats
61 creatures vanquished.

Notes
Turn   | Place    | Note
-------+----------+-------------------------------------------
     0 | D:1      | LynnLen the Vampire Enchanter began the quest for the Orb.
     0 | D:1      | Reached XP level 1. HP: 13/13 MP: 3/3
   106 | D:1      | Reached XP level 2. HP: 14/19 MP: 5/5
   219 | D:1      | Reached skill level 5 in Stealth
   243 | D:1      | Found a faded altar of an unknown god.
   647 | D:1      | Gained mutation: You are afflicted with vampirism and can
                  | become a bat while bloodless. [Vampire growth]
   647 | D:1      | Reached XP level 3. HP: 24/24 MP: 6/6
   692 | D:1      | Learned a level 3 spell: Confusing Touch
   696 | D:1      | Learned a level 3 spell: Tukima's Dance
  1010 | D:2      | Noticed Terence
  1032 | D:2      | Killed Terence
  1033 | D:2      | Reached XP level 4. HP: 16/29 MP: 7/7
  1241 | D:2      | Found a shimmering altar of Xom.
  1814 | D:3      | Noticed a phantom
  1942 | D:3      | Found an opulent altar of Gozag.
  2145 | D:3      | Reached XP level 5. HP: 32/35 MP: 8/8
  2303 | D:3      | Slain by a phantom

Illustrated notes

Levels and vault maps discovered:
D:1:      lemuel_arrival_lava_pool, layout_rooms, basic_ecumenical_altar,
          chequers_serial_rivers_small_b, minivault_24
D:2:      minmay_inner_zag, layout_rooms, basic_altar, grunt_ministairs_11,
          uniq_terence
D:3:      layout_loops_ring, mainiacjoe_overflow_chevrons,
          nicolae_qazlal_eye_of_the_storm, grunt_gozag_breadcrumbs

Skill      XL: |  1  2  3  4 |
---------------+-------------+-----
Stealth        | 5 |  5.8
Short Blades   | 2 3 |  3.5
Dodging        | 3 4 |  4.2
Spellcasting   | |  2.0
Hexes          | |  4.4

Action                   |  1- 3 |  4- 6 || total
-------------------------+-------+-------++-------
Melee: Dagger            |   139 |     4 ||   143
       Bite              |    19 |    12 ||    31
       Punch             |     4 |       ||     4
       Short sword       |       |    79 ||    79
 Cast: Confusing Touch   |     1 |     3 ||     4
       Tukima's Dance    |       |     1 ||     1
  Use: Scroll            |     1 |     5 ||     6
       Potion            |     1 |     1 ||     2
 Stab: Sleeping          |     6 |     2 ||     8
       Invisible         |     1 |     1 ||     2
       Confused          |     1 |     1 ||     2
Armor: Robe              |    37 |       ||    37
       Leather armour    |       |     9 ||     9
Dodge: Dodged            |   101 |    36 ||   137
